 Dungeon Crawl Stone Soup version 0.24.0-37-gcf1ca852f1 (webtiles) character file.

Game seed: 15918272124936993815, levelgen mode: deterministic

584138 PentaManta the Hoplite (level 27, -59/186 HPs)
             Began as a Gargoyle Monk on Dec 3, 2019.
             Was the Champion of Okawaru.
             Killed from afar by an orb of fire (62 damage)
             ... with a bolt of fire
             ... on level 1 of the Realm of Zot.
             The game lasted 04:40:22 (67051 turns).

PentaManta the Hoplite (Gargoyle Monk)             Turns: 67051, Time: 04:40:23

Health: -59/186    AC: 75    Str: 28      XL:     27
Magic:  20/20      EV: 20    Int:  6 (7)  God:    Okawaru [******]
Gold:   4554       SH: 36    Dex: 14 (15) Spells: 26/26 levels left

rFire    . . .     SeeInvis +   E - +9 demon whip (elec)
rCold    + . .     Gourm    .   a - +10 large shield of Ignorance {rN+ Int-4}
rNeg     + + .     Faith    .   Z - +12 crystal plate armour
rPois    ∞         Spirit   .   Q - +2 helmet {SInv}
rElec    +         Reflect  .   o - +1 cloak of Starlight {rElec rC+ EV+4 Stlth--}
rCorr    .         Harm     .   F - +2 pair of gloves {Dex+3}
MR       ++...                  N - +2 pair of boots {run}
Stlth    ..........             A - amulet of regeneration
HPRegen  0.81/turn              (no ring)
MPRegen  0.17/turn              f - +6 ring of protection

@: about to teleport, very slightly contaminated, invisible, very slow
A: big wings, blurry vision 1, deformed body, deterioration 2, low mp 1,
negative energy resistance 1, screaming 1, electricity resistance, unbreathing,
petrification resistance, rot immunity, AC +20
}: 3/15 runes: serpentine, barnacled, silver
a: Fly, Heroism, Finesse, Renounce Religion


You were on level 1 of the Realm of Zot.
You worshipped Okawaru.
Okawaru was exalted by your worship.
You were hungry.

You visited 11 branches of the dungeon, and saw 47 of its levels.
You also visited: Ossuary, Gauntlet and Wizlab.

You collected 8583 gold pieces.
You spent 4029 gold pieces at shops.

Inventory:

Hand Weapons
 m - the +2 eveningstar "Guistik" {protect, Stlth+}
   (Okawaru gifted it to you on level 12 of the Dungeon)

   It grants its wielder temporary protection when it strikes (+7 to AC).
   It makes you more stealthy.
 D - the +6 flail "Wuypt" {crush, +Inv Str-4 Int+6}
   (You found it on level 9 of the Dungeon)

   It inflicts extra damage upon your enemies.
   It affects your strength (-4).
   It affects your intelligence (+6).
   It lets you turn invisible.
 E - a +9 demon whip of electrocution (weapon)
Missiles
 C - 5 throwing nets (quivered)
Armour
 a - the +10 large shield of Ignorance (worn) {rN+ Int-4}
   (You bought it in a shop on level 3 of the Elven Halls)

   It affects your intelligence (-4).
   It protects you from negative energy.
 o - the +1 cloak of Starlight (worn) {rElec rC+ EV+4 Stlth--}
   (You found it in a wizard's laboratory)

   It affects your evasion (+4).
   It protects you from cold.
   It insulates you from electricity.
   It makes you much less stealthy.
 F - a +2 pair of gloves of dexterity (worn)
 N - a +2 pair of boots of running (worn)
 Q - a +2 helmet of see invisible (worn)
 Z - a +12 crystal plate armour (worn)
Jewellery
 f - a +6 ring of protection (right hand)
 j - an uncursed amulet of rage
 n - an uncursed ring of resist corrosion
 v - the ring "Reuf" {rC+ Str+4 Int+3}
   (You took it off a deep elf master archer on level 3 of the Elven Halls)

   [ring of intelligence]

   It affects your strength (+4).
   It affects your intelligence (+3).
   It protects you from cold.
 y - a +3 amulet of reflection
 A - an amulet of regeneration (around neck)
 G - the amulet of the Four Winds {rN+ MR+++ Clar}
   (You found it on level 4 of the Shoals)

   [amulet of nothing]

   It protects you from negative energy.
   It affects your resistance to hostile enchantments.
   It protects you against confusion.
 I - the ring "Ufuicum" {rF+ SInv}
   (You found it on level 6 of the Lair of Beasts)

   [ring of protection from fire]

   It protects you from fire.
   It lets you see invisible.
 K - the ring "Syler" {rF+ Int+4 Dex+3 Stlth-}
   (You took it off a merfolk impaler on level 4 of the Shoals)

   [ring of attention]

   It affects your intelligence (+4).
   It affects your dexterity (+3).
   It protects you from fire.
   It makes you less stealthy.
 M - the amulet "Haoreero" {Gourm rPois rN+++ MR+ Slay-6}
   (You found it on level 4 of the Depths)

   [amulet of the gourmand]

   It allows you to eat raw meat even when not hungry.
   It affects your accuracy and damage with ranged weapons and melee attacks
   (-6).
   It protects you from poison.
   It renders you almost immune to negative energy.
   It affects your resistance to hostile enchantments.
 O - the ring "Geve Qut" {rElec rN+ Slay+3}
   (You acquired it on level 4 of the Vaults)

   [ring of slaying]

   It affects your accuracy and damage with ranged weapons and melee attacks
   (+3).
   It insulates you from electricity.
   It protects you from negative energy.
 V - an uncursed ring of protection from cold
Wands
 H - a wand of digging (27)
 L - a wand of acid (45)
 U - a wand of clouds (4)
Scrolls
 g - 8 scrolls of fog
 h - 5 scrolls of fear
 i - 20 scrolls of remove curse
 l - 16 scrolls of teleportation
 P - 5 scrolls of blinking
 T - 3 scrolls of magic mapping
 X - 2 scrolls of holy word
Potions
 b - 6 potions of resistance
 k - 8 potions of lignification
 q - 4 potions of invisibility
 t - 4 potions of haste
 u - 12 potions of might
 w - 7 potions of ambrosia
 x - 6 potions of mutation
 B - 2 potions of cancellation
 Y - a potion of berserk rage
Miscellaneous
 d - a lightning rod (4/4)
 p - a lightning rod (4/4)
 r - 2 phantom mirrors
 s - 5 boxes of beasts
 z - a phial of floods (inert)
 J - a phial of floods (inert)
 R - a phial of floods (inert)
 S - a phial of floods (inert)
 W - a fan of gales
Comestibles
 c - 71 rations


   Skills:
 * Level 22.6 Fighting
 - Level 16.2 Maces & Flails
 * Level 22.5 Armour
 * Level 18.2 Dodging
 - Level 2.1 Stealth
 + Level 24.9 Shields


You had 26 spell levels left.
You didn't know any spells.
Your spell library contained the following spells:

 Spells                   Type           Power        Failure   Level  Hunger
 Animate Skeleton         Necr           N/A          99%         1    ##.....
 Apportation              Tloc           #.....       99%         1    ##.....
 Confusing Touch          Hex            #.....       99%         1    ##.....
 Corona                   Hex            #......      99%         1    ##.....
 Flame Tongue             Conj/Fire      #....        99%         1    ##.....
 Freeze                   Ice            #...         99%         1    ##.....
 Infusion                 Chrm           #...         99%         1    ##.....
 Magic Dart               Conj           #...         99%         1    ##.....
 Pain                     Necr           #...         99%         1    ##.....
 Shock                    Conj/Air       #...         99%         1    ##.....
 Sting                    Conj/Pois      #...         99%         1    ##.....
 Summon Butterflies       Summ           #.......     99%         1    ##.....
 Blink                    Tloc           N/A          100%        2    ###....
 Call Imp                 Summ           #.......     100%        2    ###....
 Corpse Rot               Necr           N/A          100%        2    ###....
 Ensorcelled Hibernation  Hex/Ice        #.....       100%        2    ###....
 Poisonous Vapours        Pois/Air       #.....       100%        2    ###....
 Shroud of Golubria       Chrm/Tloc      #.....       100%        2    ###....
 Slow                     Hex            #.......     100%        2    ###....
 Song of Slaying          Chrm           #.......     100%        2    ###....
 Swiftness                Chrm/Air       #.......     100%        2    ###....
 Throw Flame              Conj/Fire      #.....       100%        2    ###....
 Throw Frost              Conj/Ice       #.....       100%        2    ###....
 Call Canine Familiar     Summ           #.......     100%        3    ####...
 Confuse                  Hex            #.......     100%        3    ####...
 Conjure Flame            Conj/Fire      #.......     100%        3    ####...
 Dazzling Spray           Conj/Hex       #.....       100%        3    ####...
 Gell's Gravitas          Tloc           #.........   100%        3    ####...
 Ignite Poison            Fire/Tmut/Pois #.......     100%        3    ####...
 Inner Flame              Hex/Fire       #.......     100%        3    ####...
 Lesser Beckoning         Tloc           #.........   100%        3    ####...
 Mephitic Cloud           Conj/Pois/Air  #.......     100%        3    ####...
 Ozocubu's Armour         Chrm/Ice       #.......     100%        3    ####...
 Portal Projectile        Hex/Tloc       #.....       100%        3    ####...
 Recall                   Summ/Tloc      N/A          100%        3    ####...
 Regeneration             Chrm/Necr      #.........   100%        3    ####...
 Spectral Weapon          Hex/Chrm       #.......     100%        3    ####...
 Static Discharge         Conj/Air       #.......     100%        3    ####...
 Teleport Other           Tloc           #.......     100%        3    ####...
 Tukima's Dance           Hex            #.......     100%        3    ####...
 Vampiric Draining        Necr           #.........   100%        3    ####...
 Airstrike                Air            #.........   100%        4    #####..
 Animate Dead             Necr           N/A          100%        4    #####..
 Cause Fear               Hex            #.........   100%        4    #####..
 Force Lance              Conj/Tloc      #.......     100%        4    #####..
 Leda's Liquefaction      Hex/Erth       #.........   100%        4    #####..
 Olgreb's Toxic Radiance  Pois           #.......     100%        4    #####..
 Passage of Golubria      Tloc           N/A          100%        4    #####..
 Petrify                  Tmut/Erth      #.......     100%        4    #####..
 Sticky Flame             Conj/Fire      #.......     100%        4    #####..
 Summon Ice Beast         Ice/Summ       #.......     100%        4    #####..
 Throw Icicle             Conj/Ice       #.......     100%        4    #####..
 Agony                    Necr           #.......     100%        5    ######.
 Alistair's Intoxication  Tmut/Pois      #.......     100%        5    ######.
 Aura of Abjuration       Summ           #.........   100%        5    ######.
 Bolt of Draining         Conj/Necr      #.........   100%        5    ######.
 Bolt of Magma            Conj/Fire/Erth #.........   100%        5    ######.
 Borgnjor's Vile Clutch   Necr/Erth      #.........   100%        5    ######.
 Dispel Undead            Necr           #.......     100%        5    ######.
 Excruciating Wounds      Chrm/Necr      #.........   100%        5    ######.
 Fireball                 Conj/Fire      #.........   100%        5    ######.
 Irradiate                Conj/Tmut      #.........   100%        5    ######.
 Iskenderun's Battlesphe  Conj/Chrm      #.......     100%        5    ######.
 Lightning Bolt           Conj/Air       #.........   100%        5    ######.
 Metabolic Englaciation   Hex/Ice        #.........   100%        5    ######.
 Silence                  Hex/Air        #.........   100%        5    ######.
 Summon Demon             Summ           #.........   100%        5    ######.
 Summon Forest            Summ/Tloc      #.........   100%        5    ######.
 Summon Mana Viper        Hex/Summ       #.......     100%        5    ######.
 Venom Bolt               Conj/Pois      #.........   100%        5    ######.
 Yara's Violent Unravell  Hex/Tmut       #.........   100%        5    ######.
 Bolt of Fire             Conj/Fire      #.........   100%        6    #######
 Conjure Ball Lightning   Conj/Air       #.........   100%        6    #######
 Darkness                 Hex            #.........   100%        6    #######
 Death Channel            Necr           #.........   100%        6    #######
 Dispersal                Tloc           #.........   100%        6    #######
 Freezing Cloud           Conj/Ice/Air   #.........   100%        6    #######
 Invisibility             Hex            #.......     100%        6    #######
 Iron Shot                Conj/Erth      #.........   100%        6    #######
 Shadow Creatures         Summ           N/A          100%        6    #######
 Simulacrum               Ice/Necr       #.........   100%        6    #######
 Haunt                    Necr/Summ      #.........   100%        7    #######
 Orb of Destruction       Conj           #.........   100%        7    #######
 Ring of Flames           Chrm/Fire      #.........   100%        7    #######
 Spellforged Servitor     Conj/Summ      #.........   100%        7    #######
 Summon Hydra             Summ           #.........   100%        7    #######
 Borgnjor's Revivificati  Necr           #.........   100%        8    #######
 Controlled Blink         Tloc           N/A          100%        8    #######
 Death's Door             Chrm/Necr      #.........   100%        8    #######
 Disjunction              Tloc           #.........   100%        8    #######
 Ignition                 Fire           #.........   100%        8    #######
 Infestation              Necr           #.........   100%        8    #######
 Necromutation            Tmut/Necr      #.........   100%        8    #######
 Shatter                  Erth           #.........   100%        9    #######
 Tornado                  Air            #.........   100%        9    #######
 Sublimation of Blood     Necr           Unusable     N/A         2    N/A

Dungeon Overview and Level Annotations

Branches:
Dungeon (15/15)            Temple (1/1) D:6            Lair (6/6) D:11
 Shoals (4/4) Lair:3        Snake (4/4) Lair:3        Slime (1/5) Lair:6
    Orc (2/2) D:11            Elf (3/3) Orc:2        Vaults (5/5) D:13
  Crypt (0/3) Vaults:2     Depths (5/5) D:15            Zot (1/5) Depths:5
Ossuary (visited)          WizLab (visited)         Gauntlet (visited)

Altars:
Ashenzari
Cheibriados
Dithmenos
Elyvilon
Fedhas
Gozag
Hepliaklqana
Kikubaaqudgha
Makhleb
Nemelex Xobeh
Okawaru
Qazlal
Ru
Sif Muna
Trog
Uskayaw
Vehumet
Wu Jian
Xom
Yredelemnul
Zin
The Shining One
Beogh

Shops:
D:7 !   D:9 *(   D:12 [!(=?   Orc:2 *(?(   Elf:3 [   Shoals:2 %   Snake:2 =}=
Vaults:4 ?   Vaults:5 (

Portals:
Hell: Depths:1 Depths:2 Depths:3 Depths:4 Depths:5
Abyss: Depths:4
Pandemonium: Depths:3
Ziggurat: Depths:1
Trove: Depths:3 (give 2 scrolls of acquirement)

Annotations:
Depths:4 2 runed translucent doors


Innate Abilities, Weirdness & Mutations

You are resistant to torment.
Your stone body is resilient. (AC +20)
You are immune to poison.
Your large and strong wings let you fly indefinitely.
You resist negative energy. (rN+)
You are resistant to electric shocks. (rElec)
You can survive without breathing.
You are immune to petrification.
You are immune to rotting.
Scrolls take you a little longer to read.
Armour fits poorly on your strangely shaped body.
Your body often deteriorates upon taking damage.
Your magical capacity is low. (-10% MP)
You occasionally shout uncontrollably at your foes.


Message History

Okay, then.
Okay, then.
Okay, then.
Evoke which item? (* to show all) (? for menu, Esc to quit)
Aim the phial where?
Press: ? - help, Shift-Dir - straight line, f - orb of fire
Aim: an orb of fire (black smoke, severely damaged)
The torrent of water misses the orb of fire.
The wave splashes down.
Splash!
You fall into the shallow water.
Moving in this stuff is going to be slow. ...and don't expect to remain undetected.
The water rises up and takes form.
The orb of fire glows yellow.
Strange energies course through your body.
Your body twists and deforms.
The orb of fire glows yellow.
The bolt of fire hits you!!!
You die...

§..............
.§.§§.........§§
§≈§..........[§≈
§.≈§........≈§§
#§§§§...≈≈§≈# #§§.....≈≈#
##§§).....≈## #≈§..)....§≈#
#≈≈..@....≈≈# ##§E≈§≈...§##
#≈≈§≈*d..≈≈≈# #≈≈≈§d≈.≈≈≈≈#
###≈§≈.§≈≈### ##≈≈.≈≈##
###§)≈#### #####
#.##)##..#####
#######...####..#.#...#...#


You could see an orb of fire, a red draconian, a white draconian and a friendly
water elemental.

Vanquished Creatures
  2 ancient liches (Vaults:5)
  An orb of fire (Zot:1)
  Mara (Elf:3)
  Boris (thrice) (Vaults:2 Vaults:4 Vaults:5)
  Sojobo (Depths:2)
  A Killer Klown (Depths:5)
  A curse toe (Zot:1)
  Saint Roka (Vaults:3)
  5 caustic shrikes (Depths:4)
  10 golden dragons
  Nikola (Depths:1)
  An electric golem (Depths:5)
  A bone dragon (Zot:1)
  6 liches
  9 tentacled monstrosities
  3 deep elf blademasters
  Asterion (Depths:2)
  4 quicksilver dragons
  2 deep elf master archers (Elf:3)
  Polyphemus (Shoals:2)
  A death cob (Zot:1)
  7 sphinxes
  Gastronok (Lair:1)
  3 titans (Vaults:4)
  An eldritch tentacle (WizLab)
  2 krakens
  2 storm dragons
  4 shadow dragons
  Donald (Orc:1)
  8 tengu reavers
  Ilsuiw (Shoals:2)
  10 nagarajas
  The ghost of happy the Fencer, an adept BaGl of Lugonu (Orc:2)
  6 fire giants
  3 draconian monks
  A draconian knight (Zot:1)
  5 frost giants
  4 deep elf sorcerers
  3 iron dragons
  21 vault wardens
  4 deep elf elementalists
  Aizul (Depths:1)
  2 draconian shifters
  2 draconian annihilators
  An angel (Depths:1)
  2 spriggan defenders (Depths:4)
  15 ironheart preservers
  25 stone giants
  A draconian stormcaller (Depths:5)
  30 very ugly things
  8 deep elf demonologists
  A war gargoyle (Vaults:5)
  A vampire knight (Depths:2)
  8 black draconians
  2 grey draconians (Depths:5)
  A green draconian (Zot:1)
  10 deep elf annihilators
  Azrael (Snake:2)
  2 red draconians
  3 spark wasps (Depths:4)
  A minotaur (Gauntlet)
  2 purple draconians (Depths:5)
  7 yellow draconians
  3 white draconians
  7 deep elf death magi
  10 merfolk javelineers
  Snorg (D:13)
  14 ettins
  A blizzard demon (Depths:3)
  The ghost of DildoBatman the Lord of Darkness, a journeyman FoWz of Kikubaaqudgha (Orc:1)
  10 merfolk impalers
  4 deep elf high priests
  9 great orbs of eyes
  10 fire dragons
  42 vault guards
  7 hydras
  17 yaktaur captains
  2 catoblepae
  9 ice dragons
  2 merfolk avatars
  9 naga warriors
  7 rakshasas
  2 merfolk aquamancers (Shoals:4)
  4 spriggan air magi
  10 ogre magi
  11 centaur warriors
  29 anacondas
  A two-headed ogre (shapeshifter) (Depths:4)
  6 death yaks
  A satyr (Shoals:4)
  An alligator snapping turtle (Shoals:4)
  41 two-headed ogres
  10 deep troll shamans
  27 dancing weapons
  8 spriggan berserkers
  2 hell hogs (Depths:2)
  8 shock serpents
  3 vampire magi
  2 orc high priests (Elf:2)
  3 tengu warriors
  7 deep troll earth magi
  10 naga sharpshooters
  A soul eater (Vaults:2)
  Sonja (Lair:1)
  17 deep elf knights
  2 thrashing horrors (WizLab)
  5 iron trolls
  A shock serpent (shapeshifter) (Depths:4)
  2 shadow wraiths
  A salamander mystic (Snake:4)
  A fire crab (shapeshifter) (D:15)
  3 sixfirhies
  9 skeletal warriors
  2 hell knights
  2 unseen horrors
  A glowing orange brain (shapeshifter) (Depths:4)
  An iron troll (shapeshifter) (Vaults:5)
  8 naga ritualists
  An unseen horror (shapeshifter) (D:15)
  An obsidian statue (WizLab)
  4 flayed ghosts
  14 sea snakes
  6 wizards
  28 deep trolls
  8 deep elf archers
  2 glowing orange brains
  19 ironbrand convokers
  A lindwurm (Lair:2)
  8 orc knights
  A wolf spider zombie (D:15)
  A lindwurm (shapeshifter) (Depths:5)
  64 deep elf magi
  4 phantasmal warriors
  27 harpies
  A tengu zombie (Depths:1)
  5 wolf spiders
  4 necromancers
  A mana viper (shapeshifter) (Vaults:4)
  An orb spider (shapeshifter) (Depths:5)
  An oklob plant (Gauntlet)
  6 moths of wrath
  10 slime creatures
  9 cyclopes
  2 manticores (shapeshifter)
  6 elephants (Lair:6)
  6 fauns
  3 large abominations
  4 worldbinders (WizLab)
  18 manticores
  A salamander (Snake:1)
  28 ugly things
  10 orc sorcerers
  A frost giant skeleton (Vaults:1)
  12 mana vipers
  A faun (shapeshifter) (Vaults:3)
  10 guardian serpents
  21 vault sentinels
  10 starcursed masses (WizLab)
  A water nymph (Shoals:2)
  A fire giant skeleton (Vaults:1)
  Joseph (D:9)
  11 naga magi
  30 black mambas
  A guardian serpent (shapeshifter) (Depths:5)
  A water nymph (shapeshifter) (Vaults:1)
  7 merfolk sirens
  A smoke demon (Depths:3)
  3 rime drakes
  2 gargoyles
  Psyche (D:9)
  5 spectral swamp worms (Depths:1)
  3 minotaur zombies (Gauntlet)
  12 komodo dragons
  A yaktaur zombie (Vaults:3)
  45 yaktaurs
  7 spiny frogs
  2 kobold demonologists (D:14)
  9 freezing wraiths
  3 tengu conjurers
  A demonic crawler (WizLab)
  A red devil (Depths:3)
  An ancient zyme (WizLab)
  5 polar bears (Lair:6)
  6 trolls
  7 wind drakes
  2 polar bears (shapeshifter)
  33 merfolk
  A jumping spider (shapeshifter) (Vaults:5)
  19 hornets
  A raiju (WizLab)
  Grinder (D:6)
  7 blink frogs
  8 dream sheep
  8 snapping turtles
  A deep troll zombie (Depths:1)
  A fire dragon zombie (Depths:1)
  A dream sheep (shapeshifter) (Vaults:5)
  11 hippogriffs
  2 ettin skeletons
  Sigmund (D:6)
  47 yaks
  20 spriggans
  2 shadows
  A vampire (D:7)
  2 air elementals
  A redback (shapeshifter) (Depths:4)
  18 water elementals
  3 wraiths
  3 wyverns
  13 fire elementals
  8 humans
  3 basilisks
  A human (shapeshifter) (Depths:1)
  A chaos spawn (Depths:3)
  2 basilisks (shapeshifter)
  Grum (Lair:1)
  A hungry ghost (D:10)
  A neqoxec (Depths:3)
  Menkaure (Ossuary)
  A warg (shapeshifter) (D:14)
  A soldier ant (D:10)
  2 insubstantial wisps (WizLab)
  40 nagas
  6 spatial vortices (WizLab)
  13 wargs
  14 water moccasins
  6 acid dragons
  A water moccasin (shapeshifter) (Vaults:1)
  10 hell hounds
  6 porcupines
  A black bear (Lair:6)
  39 orc warriors
  6 ice beasts
  4 sky beasts
  A hornet zombie (D:12)
  3 human zombies
  3 phantoms
  23 boggarts
  28 ogres
  21 centaurs
  32 wolves
  An orc skeleton (WizLab)
  A crocodile (shapeshifter) (D:15)
  12 crocodiles
  3 big kobolds
  14 bullfrogs
  A human skeleton (Vaults:3)
  2 yaktaur skeletons
  3 scorpions
  A water moccasin skeleton (D:9)
  11 small abominations
  9 killer bees
  2 human simulacra
  3 electric eels
  7 wights
  4 howler monkeys
  5 crimson imps
  5 centaur zombies
  3 jellies
  21 orc priests
  5 bullfrog skeletons
  3 centaur skeletons
  3 hounds
  47 orc wizards
  Terence (D:2)
  6 hell rats
  Natasha (thrice) (D:2)
  3 iguanas
  7 worker ants
  A killer bee zombie (D:9)
  A big kobold zombie (Ossuary)
  3 ogre zombies (Ossuary)
  A hound zombie (D:10)
  7 mummies
  A worker ant zombie (D:10)
  3 gnolls (D:9)
  17 adders
  7 river rats (Lair:6)
  An ufetubus (WizLab)
  5 adder zombies (Ossuary)
  3 dart slugs (D:2)
  2 leopard geckos
  119 orcs
  4 bats
  9 giant cockroaches
  A gnoll zombie (Ossuary)
  5 hobgoblins
  20 jackals
  3 quokkas
  A ball python (D:3)
  4 frilled lizards
  8 goblins
  3 goblin zombies (Ossuary)
  6 hobgoblin zombies (Ossuary)
  A jackal zombie (D:6)
  18 kobolds
  2 kobold zombies (Ossuary)
  An orc zombie (Ossuary)
  A quokka skeleton (D:8)
  3 quokka zombies (Ossuary)
  7 rats
  3 rat zombies (Ossuary)
  A crawling corpse (Vaults:5)
  2 plants
  7 tentacles
2160 creatures vanquished.

Vanquished Creatures (others)
  A draconian knight (Depths:5)
  A stone giant (Vaults:2)
  An ettin (Depths:1)
  2 yaktaur captains
  A rakshasa (Depths:1)
  A merfolk aquamancer (Shoals:4)
  3 naga sharpshooters
  A deep elf archer (Vaults:4)
  A cyclops (Vaults:2)
  A naga mage (Snake:4)
  6 yaktaurs
  A blink frog (WizLab)
  A wyvern (Depths:5)
  A naga (Snake:3)
  A boggart (Vaults:1)
  2 orc wizards
  An orc (Orc:2)
  10 fungi
  A lurking horror (WizLab)
  11 plants
  12 tentacles
60 creatures vanquished.

Grand Total: 2220 creatures vanquished

Notes
Turn   | Place    | Note
-------+----------+-------------------------------------------
     0 | D:1      | PentaManta the Gargoyle Monk began the quest for the Orb.
     0 | D:1      | Reached XP level 1. HP: 14/14 MP: 1/1
   302 | D:1      | Reached XP level 2. HP: 19/19 MP: 2/2
   883 | D:2      | Reached XP level 3. HP: 22/23 MP: 3/3
   886 | D:2      | Found a glowing silver altar of Zin.
   889 | D:2      | Noticed Natasha
   900 | D:2      | Killed Natasha
   934 | D:2      | Reached XP level 4. HP: 26/28 MP: 4/4
  1042 | D:2      | Reached skill level 5 in Maces & Flails
  1311 | D:2      | Noticed Terence
  1327 | D:2      | Killed Terence
  1327 | D:2      | Reached XP level 5. HP: 23/32 MP: 5/5
  1462 | D:2      | Noticed Natasha
  1475 | D:2      | Killed Natasha
  1712 | D:2      | Noticed Natasha
  1748 | D:2      | Killed Natasha
  1906 | D:3      | Reached XP level 6. HP: 36/37 MP: 6/6
  2401 | D:4      | Found an iron altar of Okawaru.
  2401 | D:4      | Found a stormy altar of Qazlal.
  2575 | D:4      | Became a worshipper of Warmaster Okawaru
  2575 | D:4      | Reached * piety under Okawaru
  2575 | D:4      | Reached ** piety under Okawaru
  2971 | D:5      | Entered Level 5 of the Dungeon
  3028 | D:5      | Noticed a phantom
  3062 | D:5      | Killed a phantom
  3105 | D:5      | Noticed a sky beast
  3118 | D:5      | Killed a sky beast
  3118 | D:5      | Reached XP level 7. HP: 30/41 MP: 5/7
  3384 | D:5      | Found a sand-covered staircase.
  3445 | Ossuary  | Entered an ossuary
  3959 | Ossuary  | Noticed Menkaure
  3994 | Ossuary  | Killed Menkaure
  3994 | Ossuary  | Reached *** piety under Okawaru
  3994 | Ossuary  | Reached skill level 1 in Armour
  3994 | Ossuary  | Reached skill level 1 in Shields
  3994 | Ossuary  | Reached XP level 8. HP: 12/46 MP: 1/8
  4401 | D:5      | Reached skill level 2 in Shields
  4563 | D:5      | Found a blossoming altar of Fedhas.
  5001 | D:6      | Found a shimmering altar of Xom.
  5067 | D:6      | Noticed Grinder
  5083 | D:6      | Paralysed by Grinder for 2 turns
  5092 | D:6      | Paralysed by Grinder for 5 turns
  5114 | D:6      | Killed Grinder
  5114 | D:6      | Reached skill level 3 in Shields
  5167 | D:6      | Noticed Sigmund
  5207 | D:6      | Killed Sigmund
  5207 | D:6      | Reached **** piety under Okawaru
  5271 | D:6      | Reached XP level 9. HP: 45/51 MP: 7/9
  5539 | D:6      | Reached skill level 4 in Shields
  5568 | D:6      | Found a staircase to the Ecumenical Temple.
  5574 | Temple   | Entered the Ecumenical Temple
  5593 | D:6      | Found a glowing golden altar of the Shining One.
  6112 | D:7      | Reached skill level 10 in Maces & Flails
  6317 | D:7      | Found Wutzapri's Distillery.
  7024 | D:8      | Reached skill level 5 in Armour
  7024 | D:8      | Reached skill level 5 in Shields
  7228 | D:8      | You fall into a shaft and drop 2 floors!
  7228 | D:10     | Entered Level 10 of the Dungeon
  7449 | D:9      | Noticed a two-headed ogre
  7511 | D:9      | Found Giagar's Weapon Shop.
  7515 | D:9      | Noticed a two-headed ogre
  7902 | D:8      | Reached skill level 5 in Dodging
  8235 | D:9      | Found Wiecoath's Assorted Antiques.
  8240 | D:9      | Bought a scroll labeled NATIEL NEXKE for 27 gold pieces
  8347 | D:9      | Got an encrusted flail
  8359 | D:9      | Reached XP level 10. HP: 51/56 MP: 8/10
  8360 | D:9      | Identified the +6 flail "Wuypt" {crush, +Inv Str-4 Int+6}
                  | (You found it on level 9 of the Dungeon)
  8412 | D:9      | Noticed Psyche
  8434 | D:9      | Killed Psyche
  8434 | D:9      | Reached ***** piety under Okawaru
  8434 | D:9      | Reached skill level 6 in Shields
  8462 | D:9      | Noticed a two-headed ogre
  8653 | D:9      | Noticed a two-headed ogre
  8665 | D:9      | Killed a two-headed ogre
  8676 | D:9      | Noticed Joseph
  8677 | D:9      | Noticed a centaur warrior
  8818 | D:9      | Killed a centaur warrior
  8954 | D:9      | Killed Joseph
  8954 | D:9      | Reached skill level 7 in Shields
  9142 | D:9      | Killed a two-headed ogre
  9379 | D:9      | Killed a two-headed ogre
  9379 | D:9      | Reached ****** piety under Okawaru
  9379 | D:9      | Received a gift from Okawaru
  9379 | D:9      | Reached XP level 11. HP: 60/60 MP: 11/11
  9512 | D:9      | HP: 3/60 [two-headed ogre/+0 giant spiked club (9)]
  9524 | D:9      | Killed a two-headed ogre
 10213 | D:10     | Reached skill level 8 in Shields
 10858 | D:10     | Received a gift from Okawaru
 11029 | D:10     | Received a gift from Okawaru
 11032 | D:10     | Got a bloodstained dire flail {god gift}
 11057 | D:11     | Identified the +3 dire flail of Joyful Slaughter {vamp,
                  | +Blink Str+4 Int+4 Stlth+} (Okawaru gifted it to you on
                  | level 10 of the Dungeon)
 11526 | D:11     | Noticed a cyclops
 11538 | D:11     | Killed a cyclops
 11538 | D:11     | Reached skill level 9 in Shields
 11710 | D:11     | Found a staircase to the Orcish Mines.
 12016 | D:11     | Noticed a two-headed ogre
 12031 | D:11     | Killed a two-headed ogre
 12323 | D:11     | Found a staircase to the Lair.
 12365 | D:12     | Found Jaxionag's Distillery.
 12371 | D:12     | Found Ivuefria's Armour Boutique.
 12375 | D:12     | Noticed a white ugly thing
 12390 | D:12     | Killed a white ugly thing
 12390 | D:12     | Reached XP level 12. HP: 33/64 MP: 9/12
 12633 | D:12     | Received a gift from Okawaru
 12636 | D:12     | Got a shimmering eveningstar {god gift}
 12638 | D:12     | Identified the +2 eveningstar "Guistik" {protect, Stlth+}
                  | (Okawaru gifted it to you on level 12 of the Dungeon)
 12742 | D:12     | Found Miqait's Jewellery Emporium.
 12819 | D:12     | Bought a +0 pair of boots of running for 378 gold pieces
 13280 | D:12     | Found Keotrox's Magic Scroll Emporium.
 13313 | D:12     | Found Veuc Usu's Antique Weapon Boutique.
 13483 | D:13     | Found a gate leading to a gauntlet.
 13490 | Gauntlet | Entered a Gauntlet
 13490 | Gauntlet | Found a transporter.
 13497 | Gauntlet | Found a transporter.
 13499 | Gauntlet | Found a transporter.
 13508 | Gauntlet | Found a transporter.
 13510 | Gauntlet | Found a transporter.
 13519 | Gauntlet | Found a transporter.
 13536 | Gauntlet | Found a transporter.
 13547 | Gauntlet | Found the +2 Maxwell's thermic engine {flame, freeze}
 13548 | Gauntlet | Found a transporter.
 13555 | Gauntlet | Found a runed translucent door.
 13559 | Gauntlet | Found a transporter.
 13563 | Gauntlet | Noticed an entropy weaver
 13572 | Gauntlet | Found a transporter.
 13583 | Gauntlet | Found a runed translucent gate.
 13585 | Gauntlet | Found a runed translucent gate.
 13585 | Gauntlet | Found a transporter.
 13585 | Gauntlet | Found a transporter.
 13587 | Gauntlet | Found a runed translucent gate.
 13628 | Gauntlet | Found a transporter.
 13637 | Gauntlet | Noticed an anaconda
 13637 | Gauntlet | Noticed a satyr
 13637 | Gauntlet | an anaconda changed into a satyr
 13642 | Gauntlet | Found a transporter.
 13643 | Gauntlet | Noticed an alligator
 13643 | Gauntlet | a satyr changed into an alligator
 13658 | Gauntlet | Noticed a satyr
 13658 | Gauntlet | an alligator changed into a satyr
 13663 | Gauntlet | Noticed a fire dragon
 13663 | Gauntlet | a satyr changed into a fire dragon
 13665 | Gauntlet | a fire dragon changed into a slime creature
 13781 | Gauntlet | Reached skill level 10 in Shields
 13917 | Gauntlet | Noticed an alligator snapping turtle
 13921 | Gauntlet | Noticed an iron giant
 13921 | Gauntlet | an alligator snapping turtle changed into an iron giant
 13925 | Gauntlet | Noticed a golden dragon
 13925 | Gauntlet | an iron giant changed into a golden dragon
 13933 | Gauntlet | Noticed a caustic shrike
 13933 | Gauntlet | a golden dragon changed into a caustic shrike
 13936 | Gauntlet | Noticed an acid blob
 13936 | Gauntlet | a caustic shrike changed into an acid blob
 13940 | Gauntlet | Noticed an iron dragon
 13940 | Gauntlet | an acid blob changed into an iron dragon
 13948 | Gauntlet | Noticed a caustic shrike
 13948 | Gauntlet | an iron dragon changed into a caustic shrike
 13950 | Gauntlet | Noticed a shadow dragon
 13950 | Gauntlet | a caustic shrike changed into a shadow dragon
 13951 | Gauntlet | Noticed a stone giant
 13951 | Gauntlet | a shadow dragon changed into a stone giant
 13958 | Gauntlet | Noticed a quicksilver dragon
 13960 | Gauntlet | Noticed an azure jelly
 13960 | Gauntlet | a quicksilver dragon changed into an azure jelly
 13963 | Gauntlet | Noticed a fire giant
 13963 | Gauntlet | an azure jelly changed into a fire giant
 13964 | Gauntlet | Noticed a sphinx
 13964 | Gauntlet | a fire giant changed into a sphinx
 13965 | Gauntlet | Noticed a frost giant
 13965 | Gauntlet | a sphinx changed into a frost giant
 13967 | Gauntlet | Noticed a stone giant
 13967 | Gauntlet | a frost giant changed into a stone giant
 13968 | Gauntlet | Noticed an iron troll
 13968 | Gauntlet | a stone giant changed into an iron troll
 13970 | Gauntlet | Noticed a stone giant
 13970 | Gauntlet | an iron troll changed into a stone giant
 13971 | Gauntlet | Noticed a storm dragon
 13971 | Gauntlet | a stone giant changed into a storm dragon
 13972 | Gauntlet | a storm dragon changed into a tyrant leech
 13975 | Gauntlet | Noticed an alligator
 13975 | Gauntlet | a tyrant leech changed into an alligator
 13976 | Gauntlet | Noticed a satyr
 13976 | Gauntlet | an alligator changed into a satyr
 13977 | Gauntlet | a satyr changed into a tyrant leech
 14033 | Gauntlet | Noticed a two-headed ogre
 14033 | Gauntlet | a swamp dragon changed into a two-headed ogre
 14043 | Gauntlet | a two-headed ogre changed into a redback
 14143 | Gauntlet | Identified the +3 morningstar of Termination {freeze, *Slow
                  | rPois rN+ Str+4}
 14143 | Gauntlet | Noticed a minotaur
 14153 | Gauntlet | Killed a minotaur
 14153 | Gauntlet | Received a gift from Okawaru
 14153 | Gauntlet | Reached skill level 11 in Shields
 14154 | Gauntlet | Found the +10 morningstar "Eos" {elec, Halo rElec}
 14826 | D:13     | Got a twisted dagger
 14829 | D:13     | Identified the cursed +1 dagger "Viurr" {pierce, *Noise
                  | rC++ Str+3} (You found it on level 13 of the Dungeon)
 14847 | D:13     | Noticed a vault guard
 14899 | D:13     | Killed a vault guard
 14909 | D:13     | Reached skill level 12 in Shields
 14959 | D:13     | Found a glowing silver altar of Zin.
 15160 | D:14     | Reached XP level 13. HP: 68/68 MP: 13/13
 15196 | D:14     | Received a gift from Okawaru
 15428 | D:15     | Entered Level 15 of the Dungeon
 15768 | D:14     | Reached skill level 13 in Shields
 17214 | D:15     | Received a gift from Okawaru
 17474 | D:15     | Reached skill level 14 in Shields
 17491 | D:15     | Found a staircase to the Depths.
 17684 | D:13     | Noticed Snorg
 17708 | D:13     | Killed Snorg
 17892 | D:13     | Found a gate to the Vaults.
 17905 | D:13     | Noticed a vault guard
 17921 | D:13     | Killed a vault guard
 17921 | D:13     | Received a gift from Okawaru
 17930 | D:13     | Got a distressingly furry ring mail {god gift}
 17941 | D:13     | Identified the +0 ring mail of Xitiowk {+Inv rN+ rCorr
                  | Slay+2} (Okawaru gifted it to you on level 13 of the
                  | Dungeon)
 18230 | D:13     | Noticed a vault guard
 18243 | D:13     | Noticed a vault guard
 18244 | D:13     | Killed a vault guard
 18257 | D:13     | Killed a vault guard
 18257 | D:13     | Reached skill level 15 in Shields
 18257 | D:13     | Gained mutation: Your large and strong wings let you fly
                  | indefinitely. [Gargoyle growth]
 18257 | D:13     | Reached XP level 14. HP: 56/74 MP: 9/14
 18408 | Orc:1    | Entered Level 1 of the Orcish Mines
 18408 | Orc:1    | Noticed a stone giant
 18409 | Orc:1    | Noticed a stone giant
 18494 | Lair:1   | Entered Level 1 of the Lair of Beasts
 18494 | Lair:1   | Noticed Sonja
 18616 | Lair:1   | Noticed Grum
 18688 | Lair:1   | Killed Grum
 19215 | Lair:1   | Killed Sonja
 19245 | Lair:1   | Noticed Gastronok
 19263 | Lair:1   | Killed Gastronok
 20336 | Lair:3   | Reached skill level 16 in Shields
 20422 | Lair:3   | Identified a scroll of acquirement
 20488 | Lair:3   | Received a gift from Okawaru
 20681 | Lair:3   | Found a staircase to the Snake Pit.
 21088 | Lair:3   | Found a staircase to the Shoals.
 21132 | Snake:1  | Entered Level 1 of the Snake Pit
 21145 | Lair:4   | Received a gift from Okawaru
 21456 | Lair:4   | Reached skill level 15 in Maces & Flails
 22926 | Lair:6   | Entered Level 6 of the Lair of Beasts
 23163 | Lair:6   | Reached skill level 17 in Shields
 23187 | Lair:6   | Received a gift from Okawaru
 23430 | Lair:6   | Reached XP level 15. HP: 76/78 MP: 15/15
 23754 | Lair:6   | Got a brightly glowing bone ring
 23761 | Lair:6   | Identified the ring "Ufuicum" {rF+ SInv} (You found it on
                  | level 6 of the Lair of Beasts)
 23971 | Lair:6   | Found a staircase to the Slime Pits.
 24010 | Lair:6   | Reached skill level 18 in Shields
 25119 | D:11     | Received a gift from Okawaru
 25122 | D:11     | Got a faintly glowing scale mail {god gift}
 25134 | D:11     | Identified the +4 scale mail "Ybrill" {+Blink MP-9 Str+7
                  | Dex+3} (Okawaru gifted it to you on level 11 of the
                  | Dungeon)
 25307 | Orc:1    | Found a runed translucent door.
 25307 | Orc:1    | Noticed DildoBatman's ghost (journeyman FoWz)
 25566 | Orc:1    | Killed DildoBatman's ghost
 25602 | Orc:2    | Entered Level 2 of the Orcish Mines
 25613 | Orc:2    | Found a transporter.
 25688 | Orc:2    | Noticed Donald
 25890 | Orc:1    | Killed Donald
 26271 | Orc:2    | Found Qoclaat's Antique Weapon Emporium.
 26271 | Orc:2    | Found Muilubb's Magic Scroll Boutique.
 26370 | Orc:2    | Noticed happy's ghost (adept BaGl)
 26375 | Orc:2    | Found a transporter.
 26575 | Orc:2    | Found a roughly hewn altar of Beogh.
 26838 | Orc:2    | Reached skill level 19 in Shields
 26858 | Orc:2    | Found Hyitzic's Antique Weapon Emporium.
 26858 | Orc:2    | Found Louss's Assorted Antiques.
 26899 | Orc:2    | Found a staircase to the Elven Halls.
 26967 | Orc:2    | Found a roughly hewn altar of Beogh.
 27201 | Orc:2    | Killed happy's ghost
 27446 | D:8      | Got a shimmering hand crossbow
 27455 | D:8      | Identified the +3 hand crossbow of Incongruity {elec, rF++}
                  | (You found it on level 8 of the Dungeon)
 27485 | D:9      | Bought a scroll of enchant weapon for 202 gold pieces
 27485 | D:9      | Bought a potion of heal wounds for 135 gold pieces
 27651 | D:12     | Bought a scroll of enchant weapon for 90 gold pieces
 27832 | Orc:2    | Bought a scroll of enchant weapon for 112 gold pieces
 28013 | D:12     | Bought a scroll of enchant armour for 90 gold pieces
 28181 | Shoals:1 | Entered Level 1 of the Shoals
 28183 | Shoals:1 | Got a crude tin ring
 28198 | Shoals:1 | Reached XP level 16. HP: 85/85 MP: 3/16
 28213 | Shoals:1 | Identified the ring of the Griffon {Wiz rPois Str+2 Dex+3}
                  | (You found it on level 1 of the Shoals)
 28322 | Shoals:1 | Reached skill level 5 in Fighting
 28329 | Shoals:1 | Received a gift from Okawaru
 28383 | Shoals:1 | Received a gift from Okawaru
 28874 | Shoals:1 | Noticed a kraken
 29049 | Shoals:1 | Killed a kraken
 29091 | Shoals:2 | Reached skill level 20 in Shields
 29114 | Shoals:2 | Received a gift from Okawaru
 29191 | Shoals:2 | Noticed Polyphemus
 29229 | Shoals:2 | Killed Polyphemus
 29533 | Shoals:2 | Noticed Ilsuiw
 29557 | Shoals:2 | Killed Ilsuiw
 29917 | Shoals:2 | Found Juunyant's Food Emporium.
 30250 | Shoals:3 | Received a gift from Okawaru
 31058 | Shoals:3 | Reached XP level 17. HP: 93/99 MP: 8/17
 31383 | Shoals:4 | Entered Level 4 of the Shoals
 31422 | Shoals:4 | Reached skill level 21 in Shields
 31616 | Shoals:4 | Reached skill level 10 in Armour
 31903 | Shoals:4 | Noticed a kraken
 31929 | Shoals:4 | Killed a kraken
 32639 | Shoals:4 | Identified the ring "Syler" {rF+ Int+4 Dex+3 Stlth-}
 32751 | Shoals:4 | Got a barnacled rune of Zot
 32810 | Shoals:4 | Found the amulet of the Four Winds {rN+ MR+++ Clar}
 32822 | Shoals:4 | Received a gift from Okawaru
 32847 | Shoals:4 | Got a pair of polished boots {god gift}
 32858 | Shoals:4 | Identified the +1 pair of boots of Okawaru's Wrath {MR+}
                  | (Okawaru gifted it to you on level 4 of the Shoals)
 32903 | Shoals:4 | Reached skill level 10 in Fighting
 33896 | D:12     | Bought a +6 ring of protection for 1248 gold pieces
 34826 | Snake:2  | Reached XP level 18. HP: 90/110 MP: 9/18
 35003 | Snake:2  | Received a gift from Okawaru
 35062 | Snake:2  | Got a jet-encrusted ring mail {god gift}
 35074 | Snake:2  | Identified the +0 ring mail of the Original Sin {rElec MP-9
                  | Str+7} (Okawaru gifted it to you on level 2 of the Snake
                  | Pit)
 35132 | Snake:2  | Found Gotuqema's Jewellery Shop.
 35134 | Snake:2  | Found Liwazxos's Gadget Shoppe.
 35135 | Snake:2  | Found Etead's Jewellery Shop.
 35860 | Snake:3  | Noticed Azrael
 35886 | Snake:2  | Killed Azrael
 37267 | Snake:4  | Entered Level 4 of the Snake Pit
 37629 | Snake:4  | Received a gift from Okawaru
 38209 | Snake:4  | Reached skill level 10 in Dodging
 38477 | Snake:4  | Reached XP level 19. HP: 107/119 MP: 10/19
 38485 | Snake:4  | Received a gift from Okawaru
 38805 | Snake:4  | Got a serpentine rune of Zot
 39131 | Elf:1    | Entered Level 1 of the Elven Halls
 39273 | Elf:1    | Received a gift from Okawaru
 39549 | Elf:1    | You fall into a shaft and drop 1 floor!
 39575 | Elf:2    | Found a huge runed translucent gate.
 39575 | Elf:2    | Found a huge runed translucent gate.
 39575 | Elf:2    | Found a huge runed translucent gate.
 39575 | Elf:2    | Found a huge runed translucent gate.
 39577 | Elf:2    | Found a huge runed translucent gate.
 40046 | Elf:1    | Reached skill level 22 in Shields
 40098 | Elf:1    | Identified the Almanac of Feathers and Malediction
 40464 | Elf:2    | Identified the +2 long sword "Qusuep" {slice, +Rage rElec
                  | Int-5 SInv}
 40828 | Elf:2    | Received a gift from Okawaru
 40850 | Elf:2    | Got a pair of ancient boots {god gift}
 40862 | Elf:2    | Identified the +0 pair of boots "Zuniveh" {rElec MR+
                  | Regen+} (Okawaru gifted it to you on level 2 of the Elven
                  | Halls)
 41170 | Elf:2    | Reached XP level 20. HP: 128/128 MP: 11/20
 41260 | Elf:3    | Entered Level 3 of the Elven Halls
 41280 | Elf:3    | Found Mozac's Armour Boutique.
 41476 | Elf:3    | Bought the +10 large shield of Ignorance {rN+ Int-4} for
                  | 974 gold pieces
 41476 | Elf:3    | Found the +10 large shield of Ignorance {rN+ Int-4}
 42147 | Elf:3    | Noticed a Tzitzimitl
 43277 | Elf:3    | Noticed a Tzitzimitl
 43404 | Elf:3    | Noticed a Tzitzimitl
 43410 | Elf:3    | Reached skill level 15 in Fighting
 44308 | Elf:3    | Reached skill level 15 in Armour
 44584 | Elf:3    | Noticed Mara
 44585 | Elf:3    | Found the +9 staff of Wucad Mu {channel}
 44591 | Elf:3    | Received a gift from Okawaru
 44693 | Elf:3    | Identified the ring "Reuf" {rC+ Str+4 Int+3}
 44718 | Elf:3    | Noticed PentaManta's illusion
 44967 | Elf:3    | Noticed PentaManta's illusion
 44971 | Elf:3    | Killed Mara
 45011 | Elf:3    | Identified the Tome of the Damaging Snowflakes
 45036 | Elf:3    | Got a twisted mace
 45037 | Elf:3    | Identified the +4 mace of Inconvenience {crush, rElec rPois
                  | Str-3 Dex+2} (You found it on level 3 of the Elven Halls)
 45314 | Vaults:1 | Entered Level 1 of the Vaults
 45889 | Vaults:1 | Reached XP level 21. HP: 133/136 MP: 21/21
 46304 | Vaults:1 | Received a gift from Okawaru
 47335 | Vaults:2 | Found a staircase to the Crypt.
 48126 | Vaults:2 | Noticed Boris
 48150 | Vaults:2 | Killed Boris
 48542 | Vaults:3 | Received a gift from Okawaru
 48548 | Vaults:3 | Got a transparent helmet {god gift}
 48566 | Vaults:3 | Identified the +0 helmet "Lalue" {*Slow rElec rF++ rCorr}
                  | (Okawaru gifted it to you on level 3 of the Vaults)
 49232 | Vaults:3 | Reached XP level 22. HP: 137/144 MP: 22/22
 49975 | Vaults:4 | Noticed Saint Roka
 50005 | Vaults:3 | Killed Saint Roka
 50379 | Vaults:4 | Received a gift from Okawaru
 50447 | Vaults:4 | Got a distressingly furry hat {god gift}
 50459 | Vaults:4 | Identified the +0 hat "Amiar" {rElec rF+ Int-3 Stlth+}
                  | (Okawaru gifted it to you on level 4 of the Vaults)
 50532 | Vaults:4 | Reached skill level 23 in Shields
 50638 | Vaults:4 | Noticed Boris
 50654 | Vaults:4 | Killed Boris
 50870 | Vaults:4 | Received a gift from Okawaru
 51457 | Vaults:4 | Found Zafeloqof's Magic Scroll Emporium.
 51461 | Vaults:4 | Bought a scroll of enchant armour for 97 gold pieces
 51465 | Vaults:4 | Bought a scroll of acquirement for 676 gold pieces
 51469 | Vaults:4 | Got a brightly glowing marble ring
 51472 | Vaults:4 | Identified the ring "Geve Qut" {rElec rN+ Slay+3} (You
                  | acquired it on level 4 of the Vaults)
 51594 | Vaults:5 | Entered Level 5 of the Vaults
 51844 | Vaults:4 | Reached XP level 23. HP: 152/152 MP: 23/23
 52248 | Vaults:5 | Received a gift from Okawaru
 52259 | Vaults:5 | Identified the ring "Efoaf" {rPois Dex+2}
 52603 | Vaults:5 | Noticed an ancient lich
 52636 | Vaults:5 | Killed an ancient lich
 52688 | Vaults:5 | Received a gift from Okawaru
 52858 | Vaults:5 | Reached skill level 15 in Dodging
 53049 | Vaults:5 | Received a gift from Okawaru
 53058 | Vaults:5 | Noticed Boris
 53113 | Vaults:5 | Killed Boris
 53225 | Vaults:5 | Reached XP level 24. HP: 150/160 MP: 23/23
 53270 | Vaults:5 | Received a gift from Okawaru
 53327 | Vaults:5 | Got a pair of encrusted gloves {god gift}
 53333 | Vaults:5 | Identified the +0 pair of gloves "Maugov" {Str+3} (Okawaru
                  | gifted it to you on level 5 of the Vaults)
 53427 | Vaults:5 | Noticed an ancient lich
 53466 | Vaults:5 | Killed an ancient lich
 53762 | Vaults:5 | Got a silver rune of Zot
 54108 | Vaults:5 | Found Mune's Weapon Shop.
 54708 | Slime:1  | Entered Level 1 of the Pits of Slime
 54986 | Depths:1 | Entered Level 1 of the Depths
 55099 | Depths:1 | Noticed Aizul
 55126 | Depths:1 | Killed Aizul
 55139 | Depths:1 | Found a gateway to a ziggurat.
 55247 | Depths:1 | Noticed Nikola
 55292 | Depths:1 | Killed Nikola
 55448 | Depths:1 | Found a gateway to Hell.
 56150 | Depths:2 | Identified the +0 shield "Sobb" {rPois Int+4 Dex+2}
 56150 | Depths:2 | Noticed Asterion
 56159 | Depths:2 | Killed Asterion
 56185 | Depths:2 | Received a gift from Okawaru
 56216 | Depths:2 | Noticed Sojobo
 56570 | Depths:2 | Killed Sojobo
 57891 | Depths:3 | Found a one-way gate leading to the halls of Pandemonium.
 57907 | Depths:3 | Reached XP level 25. HP: 154/168 MP: 23/23
 57947 | Depths:3 | Found a portal to a secret trove of treasure.
 58590 | Depths:4 | Reached skill level 24 in Shields
 58642 | Depths:4 | Received a gift from Okawaru
 58785 | Depths:4 | Found a runed translucent door.
 58785 | Depths:4 | Found a runed translucent door.
 58794 | Depths:4 | Found a one-way gate to the infinite horrors of the Abyss.
 60093 | Depths:4 | Found a sacrificial altar of Ru.
 60093 | Depths:4 | Found a runed translucent door.
 60199 | Depths:4 | Received a gift from Okawaru
 60542 | Depths:4 | Reached XP level 26. HP: 177/177 MP: 23/23
 60799 | Depths:4 | Got a clouded bone ring
 60803 | Depths:4 | Identified the ring of the Original Sin {Int+9 Dex+5} (You
                  | found it on level 4 of the Depths)
 60807 | Depths:4 | Got a pair of ancient gloves
 60813 | Depths:4 | Identified the +1 pair of gloves of the Nightingale {rN+
                  | Str-2 Dex+3} (You found it on level 4 of the Depths)
 61093 | Depths:4 | Got a crude brass amulet
 61126 | Depths:4 | Identified the amulet "Haoreero" {Gourm rPois rN+++ MR+
                  | Slay-6} (You found it on level 4 of the Depths)
 61447 | Depths:5 | Entered Level 5 of the Depths
 61961 | Depths:5 | Received a gift from Okawaru
 61985 | Depths:5 | Found a magical portal.
 61995 | WizLab   | Found a transporter.
 62155 | WizLab   | Found a corrupted altar of Lugonu.
 62156 | WizLab   | Found the +1 cloak of Starlight {rElec rC+ EV+4 Stlth--}
 62184 | WizLab   | Found a transporter.
 62276 | WizLab   | Found a transporter.
 62294 | WizLab   | Found a transporter.
 62310 | WizLab   | Found a transporter.
 62398 | WizLab   | Found a transporter.
 62398 | WizLab   | Found a transporter.
 62421 | WizLab   | Found a transporter.
 62570 | WizLab   | Found a transporter.
 62605 | WizLab   | Found a transporter.
 62636 | WizLab   | Found a corrupted altar of Lugonu.
 62636 | WizLab   | Found a transporter.
 62670 | WizLab   | Found a transporter.
 62857 | WizLab   | Found a transporter.
 62893 | WizLab   | Found a transporter.
 62893 | WizLab   | Found a transporter.
 62919 | WizLab   | Found a transporter.
 62962 | WizLab   | Paralysed by accursed screaming for 1 turns
 63005 | WizLab   | Found a transporter.
 63005 | WizLab   | Found a transporter.
 63077 | WizLab   | Found a transporter.
 63094 | WizLab   | Paralysed by accursed screaming for 1 turns
 63294 | WizLab   | Found a transporter.
 63355 | WizLab   | Got a twisted cloak
 63361 | WizLab   | Identified the +1 cloak "Beosku" {rPois rN+ Str+5 Int-4}
                  | (You found it in a wizard's laboratory)
 63370 | WizLab   | Got a jewelled cloak
 63376 | WizLab   | Identified the +1 cloak of Precision Catastrophes {rElec}
                  | (You found it in a wizard's laboratory)
 64090 | Depths:5 | Received a gift from Okawaru
 64415 | Depths:5 | Found a gate to the Realm of Zot.
 64517 | Depths:5 | Got an ancient tin ring
 64519 | Depths:5 | Identified the ring of Gerr {-Tele +Fly Int+9 Stlth+} (You
                  | found it on level 5 of the Depths)
 64787 | Zot:1    | Entered Level 1 of the Realm of Zot
 66250 | Zot:1    | Noticed a Killer Klown
 66301 | Depths:5 | Killed a Killer Klown
 66301 | Depths:5 | Reached XP level 27. HP: 184/184 MP: 23/23
 66477 | Zot:1    | Noticed an orb of fire
 66482 | Zot:1    | Gained mutation: Your magical capacity is low. (-10% MP)
                  | [an orb of fire]
 66488 | Zot:1    | Gained mutation: Your body sometimes deteriorates upon
                  | taking damage. [an orb of fire]
 66497 | Zot:1    | Killed an orb of fire
 66734 | Zot:1    | Received a gift from Okawaru
 67006 | Zot:1    | Noticed an orb of fire
 67035 | Zot:1    | Gained mutation: Your body often deteriorates upon taking
                  | damage. [an orb of fire]
 67036 | Zot:1    | Gained mutation: You occasionally shout uncontrollably at
                  | your foes. [an orb of fire]
 67040 | Zot:1    | Gained mutation: Scrolls take you a little longer to read.
                  | [an orb of fire]
 67049 | Zot:1    | HP: 1/186 [orb of fire/fireball (35)]
 67051 | Zot:1    | Gained mutation: Armour fits poorly on your strangely
                  | shaped body. [an orb of fire]
 67051 | Zot:1    | Killed from afar by an orb of fire

Levels and vault maps discovered:
D:1:      psy_arrival_fountain, layout_basic, serial_rivers,
          chequers_serial_rivers_micro_e, chequers_serial_rivers_large_a,
          chequers_serial_rivers_micro_e, chequers_serial_rivers_marsh,
          minmay_worlds_worst_comb
D:2:      layout_rooms, zin_academy, minmay_misc_feat_diagonals,
          grunt_ministairs_6, uniq_natasha, uniq_terence
D:3:      layout_rooms
D:4:      layout_basic, gammafunk_temple_overflow_pools, first_ration
D:5:      layout_loops_corners, gup_ossuary_entry_pyramid, fedhas_ov_isle_minmay
D:6:      layout_basic, kennysheep_mini, minmay_temple_entry_statues,
          basic_altar, grunt_decor_resistance, uniq_grinder,
          uniq_crazy_yiuf_cottage, uniq_sigmund
D:7:      layout_layer_cave, serial_shops, kennysheep_little_box
D:8:      minmay_weird_star, layout_basic
D:9:      layout_irregular_city, serial_shops, nicolae_shop_waterfront, shop,
          grunt_ogre_cave, grunt_ministairs_8, uniq_psyche, uniq_joseph
D:10:     minmay_octagon_keep, layout_irregular_city
D:11:     layout_basic, lair_entry_dummy, hiddenorc1_lemuel
D:12:     layout_roguey, serial_shops, shop, shop, nicolae_shop_behind_doors,
          nicolae_shop_trees, nicolae_shop_stone
D:13:     layout_long_grid, ximxim_vaults_locker_room, gauntlet_entry_generic,
          basic_altar, uniq_snorg
D:14:     layout_small_grid, minmay_misc_feat_cross
D:15:     gammafunk_enter_depths_forms, layout_basic
Temple:   nicolae_temple_no_exploring_needed
Lair:1:   layout_cave_pods, grunt_megastairs_2, uniq_sonja, uniq_gastronok,
          uniq_grum
Lair:2:   layout_gridlike
Lair:3:   layout_misc_corridors, minmay_shoals_entry_hut,
          minmay_snake_entry_guardpost_small
Lair:4:   layout_layer_cave
Lair:5:   layout_roguey, hibernation_bobbens
Lair:6:   minmay_lair_end_enchanted_forest, layout_gridlike, slime_dummy,
          kennysheep_rathole
Shoals:1: layout_shoals, nicolae_shoals_circle_sea_wall
Shoals:2: layout_shoals, serial_shops, nicolae_shop_waterfront, uniq_ilsuiw,
          uniq_polyphemus
Shoals:3: layout_shoals
Shoals:4: shoals_end_simple, layout_shoals, nicolae_shoals_kraken_intersection
Snake:1:  layout_misc_corridors
Snake:2:  layout_layer_cave, st_stairs_6, minmay_shop_grove
Snake:3:  layout_honeycomb, lemuel_fruit_tree, uniq_azrael
Snake:4:  grunt_snake_rune_serpentine_throne, layout_cave_town, serial_bayou,
          serial_bayou_pond_e, serial_bayou_pond_b, serial_bayou_shore_b,
          serial_bayou_pond_d, serial_bayou_shore_b
Slime:1:  layout_caves
Orc:1:    layout_caves, gammafunk_ghost_grave
Orc:2:    st_orc_town, layout_caves, gammafunk_ghost_berserking_beasts,
          mines1_david, uniq_donald
Elf:1:    elf_arrival_002, layout_geoelf_grid,
          hangedman_elven_crosses_minicolossus
Elf:2:    layout_loops_cross
Elf:3:    elf_hall_gauntlet_wide, layout_geoelf_octagon, serial_shops, shop,
          drop_trap, minmay_misc_feat_ornament, st_stairs_12, uniq_mara
Vaults:1: nicolae_vaults_arrows, st_lines, vaults_room_pools, v_misc_4,
          nicolae_vaults_gold_heap, v_misc_26, ontoclasm_vaults_ring_square,
          vaults_mumra_hex, nicolae_vaults_three_branches, vaults_room_corners,
          layout_vaults_big_cross
Vaults:2: ontoclasm_vaults_ring_small, minmay_crypt_entry_simple_sparse,
          nicolae_vaults_shelves_hall, nicolae_vaults_little_squares_3,
          vaults_dpeg_ring, nicolae_vaults_shelves_hall,
          nicolae_vaults_specimen_jars, layout_vaults_omnigrid, uniq_boris
Vaults:3: nicolae_vaults_what_the_h, nicolae_vaults_mini_display_case,
          nicolae_vaults_asterisk, grunt_vaults_bifocal, vaults_mumra_minichess,
          hangedman_vaults_river_flow, nicolae_vaults_network_quinsquares
          [nicolae_vaults_network_quincunx_subvault,
          nicolae_vaults_network_quincunx_subvault,
          nicolae_vaults_network_quincunx_subvault,
          nicolae_vaults_network_quincunx_subvault],
          nicolae_vaults_network_periphery, ontoclasm_vaults_shuriken,
          nicolae_vaults_ring_of_whatevers, layout_vaults_ring
Vaults:4: nicolae_vaults_puzzle_piece, v_rooms_3, vaults_room_grid,
          vaults_room_stairs_pillars, vaults_room_semicircle,
          ontoclasm_vaults_loading_screen, v_misc_26, nicolae_vaults_quadrants,
          nicolae_vaults_network_square, hangedman_vaults_slice,
          ontoclasm_vaults_idyll, ontoclasm_vaults_ring_square,
          dpeg_vaults_monster_box, layout_vaults_omnibox, serial_shops, shop,
          uniq_saint_roka
Vaults:5
Depths:1: layout_gridville, enter_ziggurat_f, pf_hell_entry_tar_river,
          grunt_decor_one_mirror, st_stairs_1, minivault_22, wad_mini_maze,
          uniq_aizul, uniq_nikola
Depths:2: lemuel_troll_bridge, layout_basic, ebering_dispersal_statue_hall,
          grunt_hell_horde, kennysheep_big_empty_room, uniq_sojobo,
          uniq_asterion
Depths:3: minmay_haunted_quarter, layout_basic, rand_demon_pan_entry_7,
          nicolae_trove_entry_crossroad, hell_entry, serial_bayou_shore_b
Depths:4: minmay_the_grid_ultimate [minmay_the_grid_prize_inner_circle,
          minmay_the_grid_prize_shrinking_boxes,
          minmay_the_grid_prize_four_corners_diamond_b,
          minmay_the_grid_prize_four_corners,
          minmay_the_grid_square_5x5_inner_v, minmay_the_grid_square_5x5_three,
          minmay_the_grid_square_5x5_minivault,
          minmay_the_grid_square_5x5_shrine2,
          minmay_the_grid_square_5x5_eight_small,
          minmay_the_grid_square_5x5_eight,
          minmay_the_grid_square_5x5_almost_minimal,
          minmay_the_grid_square_5x5_two_walls_a,
          minmay_the_grid_square_5x5_minibox, minmay_the_grid_square_5x5_spiral,
          minmay_the_grid_square_5x5_spiral_small,
          minmay_the_grid_square_5x5_fat_x,
          minmay_the_grid_square_5x5_tri_point,
          minmay_the_grid_square_5x5_seven, minmay_the_grid_square_5x5_one_wall,
          minmay_the_grid_triangle_9x9_corruption,
          minmay_the_grid_triangle_9x9_cache,
          minmay_the_grid_triangle_9x9_tough_junction,
          minmay_the_grid_triangle_9x9_wacky_v,
          minmay_the_grid_triangle_9x9_skeleton,
          minmay_the_grid_triangle_9x9_zippers_vertical,
          minmay_the_grid_triangle_9x9_empty,
          minmay_the_grid_triangle_9x9_descending_squares,
          minmay_the_grid_triangle_9x9_corrupted_corridor,
          minmay_the_grid_triangle_9x9_odd_lines,
          minmay_the_grid_triangle_9x9_longest,
          minmay_the_grid_triangle_9x9_minimal,
          minmay_the_grid_triangle_9x9_pentomino_pain,
          minmay_the_grid_triangle_9x9_windchime,
          minmay_the_grid_triangle_9x9_subtriangle,
          minmay_the_grid_triangle_9x9_intruding_spiral,
          minmay_the_grid_square_5x5_c, minmay_the_grid_octo_empty,
          minmay_the_grid_octo_thin_diamonds, minmay_the_grid_octo_empty,
          minmay_the_grid_octo_fat_diamond, minmay_the_grid_octo_pinwheel,
          minmay_the_grid_octo_vomiting_pacman, minmay_the_grid_octo_concentric,
          minmay_the_grid_octo_clover_2, minmay_the_grid_outer_diamond,
          minmay_the_grid_garden, minmay_the_grid_spin_star,
          minmay_the_grid_dragon_b], serial_shops, abyss_entry, hell_entry
Depths:5: evilmike_zot_entry_gauntlet, layout_cross, minmay_misc_feat_rows,
          hell_entry, mu_enter_wizlab_7
Zot:1:    grunt_zot_stairs_mandelzot, layout_misc_corridors, st_stairs_9

Skill      XL: |  1  2  3  4  5  6  7  8  9 10 11 12 13 14 15 16 17 18 19 20 21 22 23 24 25 26 27 |
---------------+----------------------------------------------------------------------------------+-----
Maces & Flails | 4 5 6 7 9 10 11 12 13 14 15 16 | 16.2
Armour         | 1 3 5 7 9 11 12 14 15 16 18 19 20 21 22 | 22.5
Shields        | 1 3 5 7 9 12 15 17 19 20 21 22 23 24 | 24.9
Dodging        | 3 5 6 7 8 10 11 12 13 14 15 16 17 18 | 18.2
Fighting       | 4 8 11 13 14 15 17 18 19 20 21 22 | 22.6
Stealth        | |  2.1

Action                   |  1- 3 |  4- 6 |  7- 9 | 10-12 | 13-15 | 16-18 | 19-21 | 22-24 | 25-27 || total
-------------------------+-------+-------+-------+-------+-------+-------+-------+-------+-------++-------
Melee: Whip              |    73 |   194 |   625 |       |       |       |       |       |       ||   892
       Mace              |     3 |       |       |       |       |       |       |       |       ||     3
       Flail             |       |       |       |   442 |    30 |       |       |       |       ||   472
       Dire flail        |       |       |       |    56 |       |       |       |       |       ||    56
       Eveningstar       |       |       |       |   294 |   830 |       |       |       |     9 ||  1133
       Demon whip        |       |       |       |       |  1343 |  1612 |  1845 |  2079 |  1859 ||  8738
Throw: Throwing net      |       |       |       |       |     4 |       |       |       |       ||     4
Invok: Heroism           |       |       |     1 |     7 |     9 |     3 |     2 |     5 |     5 ||    32
       Finesse           |       |       |       |       |       |       |       |     2 |       ||     2
 Abil: Evoke Berserk Rag |       |       |       |     2 |     1 |       |       |       |       ||     3
       Fly               |       |       |       |       |     3 |       |     2 |     3 |     1 ||     9
       Stop Flying       |       |       |       |       |     2 |     1 |     2 |     3 |     1 ||     9
       Evoke Blink       |       |       |       |       |     1 |       |       |       |       ||     1
       Evoke Invisibilit |       |       |       |       |     1 |       |       |       |       ||     1
Evoke: Wand              |       |       |       |     4 |     1 |       |       |     2 |     1 ||     8
       Phial of floods   |       |       |       |       |       |       |       |       |     1 ||     1
  Use: Scroll            |     1 |     9 |    14 |     7 |    22 |     6 |     6 |     6 |     8 ||    79
       Potion            |       |       |     2 |     1 |     2 |    10 |       |     2 |     3 ||    20
 Stab: Sleeping          |     6 |       |       |       |    11 |       |       |       |       ||    17
       Invisible         |       |       |       |       |     2 |       |       |       |       ||     2
       Held in net/web   |       |       |       |       |     1 |       |       |       |       ||     1
       Petrified         |       |       |       |       |       |    12 |       |       |       ||    12
  Eat: Chunk             |       |     7 |    13 |    13 |    28 |    17 |    24 |    14 |    12 ||   128
       Ration            |       |       |     1 |     4 |     5 |     4 |     3 |     4 |     5 ||    26
Armor: Robe              |    14 |       |       |       |       |       |       |       |       ||    14
       Leather armour    |    19 |    17 |       |       |       |       |       |       |       ||    36
       Scale mail        |       |    57 |   222 |   326 |   241 |   440 |   149 |       |       ||  1435
       Troll leather arm |       |       |       |       |   344 |       |       |       |       ||   344
       Crystal plate arm |       |       |       |       |       |       |   189 |   469 |   517 ||  1175
Dodge: Dodged            |    49 |    73 |   209 |   380 |   643 |   424 |   230 |   273 |   435 ||  2716
Block: Shield            |       |       |    25 |   352 |   113 |       |       |       |       ||   490
       Buckler           |       |       |       |    46 |    25 |       |       |       |       ||    71
       Large shield      |       |       |       |       |  2020 |  1892 |  1725 |  2202 |  2165 || 10004
       Reflection        |       |       |       |       |    41 |   129 |    85 |    23 |       ||   278
